cohdb
Replays
Latest Replays
All Replays
Popular Replays
Top Player Replays
Match Explorer
How It Works
Community
CoH3 Stats
Reddit
Sign in to upload your games and track your stats! →
Sign in with Steam
Match 40951674
Unlisted
Match 40951674
Overview
Messages
Build Orders
End
Construct Barracks
Riflemen Squad
Riflemen Squad
1⁄4-ton 4x4 Truck
Grenade Package
Riflemen Squad
Infantry Support Center
Selects Special Operations Battlegroup
Selects M29 Weasel with M1 Pack Howitzer
M29 Weasel with M1 Pack Howitzer
M1918 Browning Automatic Rifles
Construct Medical Station
Riflemen Squad
Selects P-47 Anti-Infantry Loiter
Selects UNKNOWN (2162291)
P-47 Anti-Infantry Loiter
Selects Smoke Screen
Riflemen Squad
Selects SSF Commando Squad
Construct Tank Depot
P-47 Anti-Infantry Loiter
Smoke Screen
SSF Commando Squad
[EPIC]SAGEKING
Potato Ball Sack
Hendy
Revolution
leaf
Aiceris
0
0
Comments
sign in to comment!
No comments posted yet!